 Dungeon Sprint DCSS version 0.18-a0-1805-g8ab820f (webtiles) character file.

249 Kidiri the Covert (level 5, -3/24 HPs)
             Began as a Spriggan Enchanter on Apr 25, 2016.
             Slain by a neqoxec (13 damage)
             ... in the Dungeon (Sprint II: "The Violet Keep of Menkaure").
             The game lasted 00:01:37 (45 turns).

Kidiri the Covert (Spriggan Enchanter)                Turns: 45, Time: 00:01:38

Health: -3/24      AC:  3    Str:  2    XL:     5   Next: 86%
Magic:  8/15       EV: 24    Int: 16    God:
Gold:   0          SH:  0    Dex: 18    Spells: 1 memorised, 16 levels left

rFire  . . .     SeeInvis +     a - +1 dagger
rCold  . . .     Gourm    .     b - +1 robe
rNeg   . . .     Faith    .     (shield restricted)
rPois  .         Spirit   .     (helmet restricted)
rElec  .         Dismiss  .     (no cloak)
rCorr  .         Reflect  .     (gloves unavailable)
SustAt .         Harm     .     (boots unavailable)
MR     .....     NoTele   +     (no amulet)
Stlth  +++++.....               (no ring)
                                (no ring)

@: exhausted, very slightly contaminated, hasted and slowed, very quick, not
resistant to hostile enchantments, quite stealthy
A: unfitting armour, see invisible, herbivore 3, speed 3, frail 1, slow
metabolism 2, weak 1
a: no special abilities


You were in the Dungeon.
You were not hungry.

You visited 1 branch

Inventory:

Hand Weapons
 a - a +1 dagger (weapon)
Armour
 b - a +1 robe (worn)
Scrolls
 j - a scroll of blinking
Potions
 e - a potion of curing
 h - 2 potions of magic
Books
 c - a book of Maledictions

   Spells                             Type                      Level
   a - Corona                         Hexes                        1
   b - Ensorcelled Hibernation        Hexes/Ice                    2
   c - Confuse                        Hexes                        3
   d - Tukima's Dance                 Hexes                        3
   e - Dazzling Spray                 Conjuration/Hexes            3
Comestibles
 d - a bread ration


   Skills:
 + Level 2.7 Fighting
 * Level 5.7 Short Blades
 + Level 2.3 Armour
 * Level 7.9 Dodging
 * Level 9.1 Stealth
 * Level 6.8 Spellcasting
 + Level 5.7 Hexes


You had 16 spell levels left.
You knew the following spells:

 Your Spells              Type           Power        Failure   Level  Hunger
a - Corona                Hex            ###....      1%          1    None


Dungeon Overview and Level Annotations

Branches:
Dungeon (1/1)

Altars:


Innate Abilities, Weirdness & Mutations

You are tiny and cannot use many weapons and most armour.
You have supernaturally acute eyesight.
You are a herbivore.
You cover ground extremely quickly.
You need consume almost no food.
You are frail (-10% HP).
You are weak. (Str -2)


Message History

The neqoxec gestures. x2
You hit the neqoxec but do no damage.
The neqoxec is lightly wounded.
The neqoxec gestures at you.
Strange energies course through your body.
You feel weaker. The ufetubus completely misses you. The ufetubus hits you.
You hit the neqoxec but do no damage.
The neqoxec is lightly wounded.
The neqoxec stops glowing.
The crimson imp blinks!
The ufetubus completely misses you. The ufetubus closely misses you.
You hit the neqoxec but do no damage.
The neqoxec is lightly wounded.
The neqoxec misses you. The crimson imp misses you. The ufetubus hits you.
The ufetubus completely misses you.
You hit the neqoxec.
The neqoxec is lightly wounded.
The neqoxec hits you!
Ouch! That really hurt!
You die... ### ## ยง5##5 535 #3# ##@## +5<5+ ##.## #+#

You could see 2 neqoxecs, a quasit, a crimson imp, a white imp, 2 shadow imps and an ufetubus.

Vanquished Creatures
  2 neqoxecs (D)
2 creatures vanquished.

Notes
Turn   | Place    | Note
--------------------------------------------------------------
     0 | D        | Kidiri the Spriggan Enchanter began the quest for the Orb.
     0 | D        | Reached XP level 1. HP: 9/9 MP: 5/5
     1 | D        | Noticed a neqoxec
     1 | D        | Noticed a neqoxec
     1 | D        | Noticed a neqoxec
     1 | D        | Noticed a neqoxec
     2 | D        | Noticed a crimson imp
     2 | D        | Noticed an iron imp
     8 | D        | Noticed a quasit
    12 | D        | Killed a neqoxec
    12 | D        | Reached skill level 1 in Armour
    12 | D        | Reached skill level 7 in Stealth
    12 | D        | Reached skill level 5 in Spellcasting
    12 | D        | Reached skill level 5 in Hexes
    12 | D        | Reached XP level 2. HP: 15/15 MP: 5/9
    12 | D        | Reached XP level 3. HP: 18/18 MP: 6/11
    12 | D        | Reached XP level 4. HP: 23/23 MP: 6/12
    28 | D        | Killed a neqoxec
    28 | D        | Reached skill level 5 in Short Blades
    28 | D        | Reached skill level 9 in Stealth
    28 | D        | Reached XP level 5. HP: 27/27 MP: 8/15
    31 | D        | Gained mutation: You are frail (-10% HP). [a neqoxec]
    42 | D        | Gained mutation: You are weak. (Str -2) [a neqoxec]
    45 | D        | Slain by a neqoxec

Vault maps used:
D:        the_violet_keep_of_menkaure

Skill      XL: |  1  2  3  4 |
---------------+-------------+-----
Fighting       | 2 |  2.7
Short Blades   | 4 5 |  5.7
Armour         | 1 2 |  2.3
Dodging        | 6 7 |  7.9
Stealth        | 7 9 |  9.1
Spellcasting   | 5 6 |  6.8
Hexes          | 5 |  5.7

Action                   |  1- 3 |  4- 6 || total
-------------------------+-------+-------++-------
Melee: Dagger            |    10 |    29 ||    39
 Cast: Corona            |       |     2 ||     2
  Use: Potion            |     1 |     2 ||     3
Armor: Robe              |     1 |       ||     1
Dodge: Dodged            |    14 |    13 ||    27
